[Event "Riga Chess Open 2020"]
[Site "Riga"]
[Date "2020.08.24"]
[Round "1.1"]
[White "Tabors, Emils"]
[Black "Krivonosov, Oleg"]
[Result "0-1"]
[ECO "D36"]
[WhiteElo "1527"]
[BlackElo "2381"]
[Annotator "ChessBase"]
[PlyCount "118"]
[EventDate "2020.08.29"]
[EventType "swiss"]
[EventCountry "LAT"]
[SourceTitle "playchess.com"]
[Source "ChessBase"]
[SourceQuality "1"]
[TimeControl "5400+30"]

1. d4 d5 2. c4 e6 3. Nc3 Nf6 4. cxd5 exd5 5. Bg5 c6 6. Qc2 Be7 7. Nf3 g6 8. e3 Bf5 9. Bd3 Bxd3 10. Qxd3 Nbd7 11. O-O O-O 12. Rab1 a5 13. a3 Re8 14. b4 axb4 15. axb4 b5 16. Bxf6 Bxf6 17. e4 Nb6 18. Rfc1 Ra3 19. Qc2 dxe4 20. Nxe4 Nc4 21. Nxf6+ Qxf6 22. Ra1 Rxa1 23. Rxa1 Qd6 24. Qc3 Qd5 25. h3 Re2 26. Ne5 Nxe5 27. dxe5 Qxe5 28. Qxe5 Rxe5 29. Ra8+ Kg7 30. Rc8 Re1+ 31. Kh2 Rc1 32. g3 Rc4 33. Rc7 g5 34. g4 Rc3 35. Kg2 Kg6 36. Kh2 f6 37. Kg2 h5 38. gxh5+ Kxh5 39. Rc8 Kg6 40. Rc7 Kf5 41. Rc8 Rc4 42. Kg3 Ke6 43. Rc7 Kf5 44. Rc8 Rc3+ 45. Kg2 Kf4 46. Rc7 f5 47. Rc8 Rc2 48. Rg8 Rc4 49. Rg6 Rxb4 50. Rxc6 Rc4 51. Rb6 b4 52. Rb8 Ke4 53. Rb5 Rd4 54. Rb8 Kd3 55. Rb5 Rf4 56. Rb8 Kc3 57. Rc8+ Rc4 58. Rg8 b3 59. Rxg5 b2 0-1

[Event "Riga Chess Open 2020"]
[Site "Riga"]
[Date "2020.08.24"]
[Round "1.2"]
[White "Stabulnieks, Klavs"]
[Black "Omuls, Peteris"]
[Result "1-0"]
[ECO "D36"]
[WhiteElo "2214"]
[BlackElo "1437"]
[Annotator "ChessBase"]
[PlyCount "69"]
[EventDate "2020.08.29"]
[EventType "swiss"]
[EventCountry "LAT"]
[SourceTitle "playchess.com"]
[Source "ChessBase"]
[SourceQuality "1"]
[TimeControl "5400+30"]

1. d4 d5 2. c4 e6 3. Nc3 Nf6 4. cxd5 exd5 5. Bg5 c6 6. Qc2 Be7 7. e3 O-O 8. Bd3 Nbd7 9. h3 h6 10. Bf4 Re8 11. Nf3 Nf8 12. O-O-O Be6 13. Kb1 a5 14. g4 N6h7 15. Na4 Rc8 16. Rc1 b6 17. Ba6 Ra8 18. Bb7 Ra7 19. Bxc6 Bd7 20. Qb3 Bxc6 21. Rxc6 Qd7 22. Ne5 Qd8 23. Nxb6 Rb7 24. Qxd5 Qxd5 25. Nxd5 Bh4 26. f3 Ne6 27. Rhc1 Nhg5 28. Bxg5 Bxg5 29. f4 Be7 30. Rc8 Rxc8 31. Rxc8+ Bf8 32. f5 Ng5 33. Nc6 Nh7 34. Nde7+ Kh8 35. Ng6+ 1-0

[Event "Riga Chess Open 2020"]
[Site "Riga"]
[Date "2020.08.24"]
[Round "1.3"]
[White "Zajakins, Artjoms"]
[Black "Tokranovs, Dmitrijs"]
[Result "0-1"]
[ECO "A59"]
[WhiteElo "1371"]
[BlackElo "2212"]
[Annotator "ChessBase"]
[PlyCount "84"]
[EventDate "2020.08.29"]
[EventType "swiss"]
[EventCountry "LAT"]
[SourceTitle "playchess.com"]
[Source "ChessBase"]
[SourceQuality "1"]
[TimeControl "5400+30"]

1. d4 Nf6 2. c4 c5 3. d5 b5 4. cxb5 a6 5. bxa6 d6 6. Nc3 Bxa6 7. e4 Bxf1 8. Kxf1 g6 9. g3 Bg7 10. Kg2 O-O 11. Nge2 Nbd7 12. a4 Ra6 13. Qc2 Qa8 14. Nb5 Rc8 15. Nec3 c4 16. Be3 Nc5 17. Bxc5 Rxc5 18. b3 cxb3 19. Qxb3 e6 20. Rad1 exd5 21. exd5 Rc8 22. Rhe1 Nd7 23. Ne4 Bf8 24. Qb2 Qb8 25. Rb1 Rxa4 26. Nbc3 Qxb2 27. Rxb2 Ra7 28. Nb5 Ra6 29. Rbe2 h6 30. g4 Rb6 31. Nd4 Ne5 32. h3 Nd3 33. Nf6+ Kg7 34. Ne8+ Kh8 35. Re3 Nxe1+ 36. Rxe1 Rbb8 37. Nf6 Bg7 38. Nc6 Bxf6 39. Nxb8 Rxb8 40. f4 Rb2+ 41. Kg3 Rd2 42. Re8+ Kg7 0-1

[Event "Riga Chess Open 2020"]
[Site "Riga"]
[Date "2020.08.24"]
[Round "1.4"]
[White "Katishonok, Nikolaj"]
[Black "Hermanis, Atis"]
[Result "1-0"]
[ECO "A20"]
[WhiteElo "2118"]
[BlackElo "1361"]
[Annotator "ChessBase"]
[PlyCount "121"]
[EventDate "2020.08.29"]
[EventType "swiss"]
[EventCountry "LAT"]
[SourceTitle "playchess.com"]
[Source "ChessBase"]
[SourceQuality "1"]
[TimeControl "5400+30"]

1. a3 e5 2. c4 Nf6 3. g3 d6 4. Bg2 Be7 5. Nc3 c6 6. d4 Be6 7. b3 Qb6 8. Nf3 exd4 9. Nxd4 O-O 10. O-O d5 11. cxd5 Nxd5 12. Na4 Qd8 13. Nxe6 fxe6 14. e4 Nb6 15. Nxb6 Qxb6 16. Be3 Bc5 17. Bxc5 Qxc5 18. b4 Qe7 19. Qb3 Kh8 20. b5 e5 21. a4 h6 22. Rfd1 cxb5 23. axb5 Nd7 24. Rd5 Nf6 25. Rd2 Qc5 26. h3 Rad8 27. Rc2 Qb6 28. Kh2 Qd4 29. Re1 a5 30. Re3 a4 31. Qa2 Qb4 32. Rb2 Qa5 33. Qa3 Rf7 34. Qc5 Re8 35. Qb4 Ra8 36. Ra3 b6 37. Qc4 Rff8 38. Rba2 Qe1 39. Rxa4 Rxa4 40. Qxa4 Nd7 41. Qa7 Nc5 42. Qxb6 Rxf2 43. Rxf2 Qxf2 44. Qb8+ Kh7 45. Qxe5 Nd3 46. Qf5+ Qxf5 47. exf5 Ne5 48. b6 Nd7 49. b7 Kg8 50. g4 Kf7 51. Kg3 Ke7 52. Kh4 Kf6 53. Kh5 Nb8 54. Bf1 Nc6 55. Bb5 Nb8 56. h4 Kf7 57. g5 hxg5 58. Kxg5 Kg8 59. Kg6 Kh8 60. f6 gxf6 61. Kxf6 1-0

[Event "Riga Chess Open 2020"]
[Site "Riga"]
[Date "2020.08.25"]
[Round "2.1"]
[White "Krivonosov, Oleg"]
[Black "Vernuks, Vjaceslavs"]
[Result "1-0"]
[ECO "E90"]
[WhiteElo "2381"]
[BlackElo "1709"]
[Annotator "ChessBase"]
[PlyCount "51"]
[EventDate "2020.08.29"]
[EventType "swiss"]
[EventCountry "LAT"]
[SourceTitle "playchess.com"]
[Source "ChessBase"]
[SourceQuality "1"]
[TimeControl "5400+30"]

1. Nf3 Nf6 2. c4 g6 3. Nc3 Bg7 4. e4 d6 5. d4 e5 6. dxe5 dxe5 7. Qxd8+ Kxd8 8. Nxe5 Ke8 9. f4 c6 10. Be3 Nbd7 11. Nxd7 Bxd7 12. Be2 Ng4 13. Bg1 b6 14. O-O-O Ke7 15. Rxd7+ Kxd7 16. Bxg4+ Ke7 17. e5 f5 18. Bf3 Rac8 19. Be3 Rhd8 20. Kc2 Ke6 21. Ne2 c5 22. Nc3 h5 23. h4 Rd7 24. Rh3 Bh8 25. Bd5+ Ke7 26. Rg3 1-0

[Event "Riga Chess Open 2020"]
[Site "Riga"]
[Date "2020.08.25"]
[Round "2.2"]
[White "Raag, Ardi"]
[Black "Stabulnieks, Klavs"]
[Result "1/2-1/2"]
[ECO "B12"]
[WhiteElo "1724"]
[BlackElo "2214"]
[Annotator "ChessBase"]
[PlyCount "215"]
[EventDate "2020.08.29"]
[EventType "swiss"]
[EventCountry "LAT"]
[SourceTitle "playchess.com"]
[Source "ChessBase"]
[SourceQuality "1"]
[TimeControl "5400+30"]

1. e4 c6 2. d4 d5 3. e5 Bf5 4. h4 h5 5. Bd3 Bxd3 6. Qxd3 e6 7. Nf3 Qa5+ 8. c3 Qa6 9. Qxa6 Nxa6 10. O-O Ne7 11. Na3 Nc8 12. Nc2 c5 13. b3 Nb6 14. Ba3 Rc8 15. Rac1 Be7 16. Rfd1 O-O 17. Nce1 Rc7 18. g3 Rfc8 19. Ng2 Bf8 20. Bb2 Nd7 21. c4 dxc4 22. Rxc4 Nb6 23. Rcc1 c4 24. bxc4 Nxc4 25. Rb1 Nb4 26. a4 Nd5 27. Nd2 b6 28. Nxc4 Rxc4 29. Ra1 a5 30. Ne3 Nxe3 31. fxe3 Rb4 32. Rdc1 Rxc1+ 33. Bxc1 Rc4 34. Kf1 Bb4 35. Ba3 Kh7 36. Bxb4 Rxb4 37. Ke2 g5 38. hxg5 Kg6 39. Kf3 Kxg5 40. Ra3 Rb1 41. Ra2 Kg6 42. Ra3 Kg7 43. Kf4 Rf1+ 44. Kg5 Rf3 45. g4 hxg4 46. Kxg4 Rf1 47. Rb3 Ra1 48. Rxb6 Rxa4 49. Kf3 Ra1 50. Ke2 a4 51. Kd2 a3 52. Ra6 Kg6 53. d5 a2 54. d6 Rh1 55. d7 Rh8 56. Rxa2 Kf5 57. Ra5 Rd8 58. Ke2 Ke4 59. Ra4+ Kxe5 60. Rd4 Kf6 61. Kf3 Ke7 62. Ra4 Rxd7 63. Ra5 Rb7 64. Ra6 Kf6 65. Ra5 Rb3 66. Kf4 Rb1 67. Ra8 Rb4+ 68. Kf3 Kf5 69. Ra5+ e5 70. Rc5 f6 71. Ra5 Rh4 72. Kg3 Rh8 73. Ra4 Rg8+ 74. Kf3 Rg1 75. e4+ Kg5 76. Ra8 Rf1+ 77. Ke3 Re1+ 78. Kf3 Kg6 79. Ra6 Kf7 80. Rb6 Ra1 81. Rb3 Kg6 82. Rb4 Kg5 83. Rb6 Rf1+ 84. Ke3 Kg4 85. Ra6 Re1+ 86. Kd3 Kg5 87. Rb6 Ra1 88. Ke3 Ra3+ 89. Ke2 Kf4 90. Rxf6+ Kxe4 91. Rb6 Ra2+ 92. Ke1 Kf3 93. Rb3+ Kf4 94. Rc3 e4 95. Rb3 Ra4 96. Ke2 Ra1 97. Rc3 Ra2+ 98. Ke1 Ke5 99. Rb3 Kd4 100. Rh3 Rg2 101. Ra3 Ke5 102. Rb3 Kf4 103. Ra3 Rg3 104. Rxg3 Kxg3 105. Ke2 Kf4 106. Kf2 e3+ 107. Ke2 Ke4 108. Ke1 1/2-1/2

[Event "Riga Chess Open 2020"]
[Site "Riga"]
[Date "2020.08.25"]
[Round "2.3"]
[White "Tokranovs, Dmitrijs"]
[Black "Morkunas, Gustas"]
[Result "1-0"]
[ECO "C54"]
[WhiteElo "2212"]
[BlackElo "1660"]
[Annotator "ChessBase"]
[PlyCount "139"]
[EventDate "2020.08.29"]
[EventType "swiss"]
[EventCountry "LAT"]
[SourceTitle "playchess.com"]
[Source "ChessBase"]
[SourceQuality "1"]
[TimeControl "5400+30"]

1. e4 e5 2. Nf3 Nc6 3. Bc4 Bc5 4. c3 Nf6 5. d4 exd4 6. cxd4 Bb4+ 7. Bd2 Nxe4 8. Bxb4 Nxb4 9. Bxf7+ Kxf7 10. Qb3+ d5 11. Ne5+ Ke6 12. Qxb4 Qf8 13. Qxf8 Rxf8 14. Nc3 Nxc3 15. bxc3 Kd6 16. f3 Bf5 17. Kf2 h5 18. h4 Rae8 19. Rhe1 b6 20. Re2 c5 21. Rae1 Re6 22. a4 Rfe8 23. Kg3 Kc7 24. Kf4 Bd3 25. Rd2 Rf6+ 26. Kg3 Bc4 27. Rb1 Ba6 28. a5 bxa5 29. Ra2 Rb6 30. Rba1 cxd4 31. cxd4 Bb5 32. Rxa5 a6 33. Rc1+ Kb7 34. Rc5 Rd6 35. Kf4 Rf8+ 36. Kg5 Rdf6 37. Raxb5+ axb5 38. Rxb5+ Kc7 39. Kxh5 Rd8 40. Kg5 Ra6 41. Rc5+ Kb7 42. Rc2 Ra4 43. g4 Rd6 44. Rd2 Kb6 45. f4 Ka5 46. f5 Kb4 47. Rd3 Ra1 48. h5 Rf1 49. Re3 Ra6 50. Ng6 Ra7 51. Nf4 Kc4 52. Ne6 Rg1 53. Rf3 Re7 54. Ra3 Re1 55. Ra4+ Kd3 56. Nf4+ Ke4 57. Ne6 Kf3 58. Ra3+ Ke4 59. Kg6 Rg1 60. g5 Rg2 61. Ra1 Kf3 62. Rh1 Kg4 63. Nxg7 Rxg7+ 64. Kxg7 Kxg5 65. f6 Kf5+ 66. Kf7 Ra2 67. Rf1+ Kg5 68. Kg7 Kxh5 69. f7 Rg2+ 70. Kh7 1-0

[Event "Riga Chess Open 2020"]
[Site "Riga"]
[Date "2020.08.25"]
[Round "2.4"]
[White "Jakobsons, Andris"]
[Black "Katishonok, Nikolaj"]
[Result "0-1"]
[ECO "B00"]
[WhiteElo "1668"]
[BlackElo "2118"]
[Annotator "ChessBase"]
[PlyCount "78"]
[EventDate "2020.08.29"]
[EventType "swiss"]
[EventCountry "LAT"]
[SourceTitle "playchess.com"]
[Source "ChessBase"]
[SourceQuality "1"]
[TimeControl "5400+30"]

1. e4 Nc6 2. d4 d5 3. e5 Bf5 4. c3 Qd7 5. Bd3 f6 6. Qh5+ g6 7. Bxf5 Qxf5 8. Qxf5 gxf5 9. f4 fxe5 10. fxe5 Bh6 11. Ne2 Bxc1 12. Nxc1 Nd8 13. O-O Nh6 14. Nd3 Ne6 15. Nf4 Nxf4 16. Rxf4 a5 17. Na3 Rg8 18. Nc2 e6 19. Ne1 Rg4 20. Nd3 Ke7 21. Raf1 Rag8 22. Rxg4 Rxg4 23. Nf4 Nf7 24. Nh5 h6 25. Nf6 Rg7 26. Nh5 Rg8 27. Nf6 Rc8 28. Kf2 c5 29. Ke3 a4 30. Kd3 Ng5 31. b3 Ne4 32. Nxe4 dxe4+ 33. Kc4 cxd4+ 34. Kxd4 axb3 35. axb3 Rd8+ 36. Kc4 Rd2 37. Rf4 Rxg2 38. Rh4 Rd2 39. Rxh6 e3 0-1

[Event "Riga Chess Open 2020"]
[Site "Riga"]
[Date "2020.08.25"]
[Round "3.1"]
[White "Alipovs, Anatolijs"]
[Black "Krivonosov, Oleg"]
[Result "0-1"]
[ECO "C84"]
[WhiteElo "1789"]
[BlackElo "2381"]
[Annotator "ChessBase"]
[PlyCount "68"]
[EventDate "2020.08.29"]
[EventType "swiss"]
[EventCountry "LAT"]
[SourceTitle "playchess.com"]
[Source "ChessBase"]
[SourceQuality "1"]
[TimeControl "5400+30"]

1. e4 e5 2. Nf3 Nc6 3. Bb5 a6 4. Ba4 Nf6 5. O-O Be7 6. d3 b5 7. Bb3 d6 8. a4 Bb7 9. Bd2 O-O 10. Nc3 Nd4 11. axb5 Nxb3 12. cxb3 axb5 13. Qc2 Qd7 14. h3 h6 15. Rac1 Rfe8 16. Ne2 c6 17. Ng3 Bf8 18. Rfe1 c5 19. b4 Rac8 20. Qb3 c4 21. Qc2 d5 22. exd5 Qxd5 23. dxc4 Rxc4 24. Qf5 Bc8 25. Rxe5 Rxc1+ 26. Kh2 Rxe5 27. Qxe5 Qxe5 28. Nxe5 Rc2 29. Bc3 Rxf2 30. Nd3 Rc2 31. Ne1 Rc1 32. Ne2 Rd1 33. Nc2 Bd6+ 34. g3 Bb7 0-1

[Event "Riga Chess Open 2020"]
[Site "Riga"]
[Date "2020.08.25"]
[Round "3.3"]
[White "Katishonok, Nikolaj"]
[Black "Vizulis, Alfreds"]
[Result "1-0"]
[ECO "A00"]
[WhiteElo "2118"]
[BlackElo "1249"]
[Annotator "ChessBase"]
[PlyCount "44"]
[EventDate "2020.08.29"]
[EventType "swiss"]
[EventCountry "LAT"]
[SourceTitle "playchess.com"]
[Source "ChessBase"]
[SourceQuality "1"]
[TimeControl "5400+30"]

1. h4 e5 2. h5 h6 3. d4 exd4 4. Nf3 c5 5. c3 dxc3 6. Nxc3 Nf6 7. e4 Nc6 8. Bf4 Be7 9. Qd2 a6 10. Rd1 b5 11. e5 b4 12. Na4 Nh7 13. Qc2 Nf8 14. Nxc5 Bxc5 15. Qxc5 Ne6 16. Qc4 Nxf4 17. Qxf4 O-O 18. Bd3 f5 19. Bxf5 Ne7 20. Qc4+ Kh8 21. Bb1 Qa5 22. Qe4 Kg8 1-0

[Event "Riga Chess Open 2020"]
[Site "Riga"]
[Date "2020.08.25"]
[Round "3.4"]
[White "Stabulnieks, Klavs"]
[Black "Aminovs, Maksims"]
[Result "1-0"]
[ECO "A40"]
[WhiteElo "2214"]
[BlackElo "1613"]
[Annotator "ChessBase"]
[PlyCount "39"]
[EventDate "2020.08.29"]
[EventType "swiss"]
[EventCountry "LAT"]
[SourceTitle "playchess.com"]
[Source "ChessBase"]
[SourceQuality "1"]
[TimeControl "5400+30"]

1. d4 g6 2. c4 Bg7 3. Nc3 c5 4. d5 Bxc3+ 5. bxc3 Qa5 6. e4 Qxc3+ 7. Bd2 Qa3 8. Ne2 d6 9. Nc3 Bd7 10. Be2 Nf6 11. O-O Na6 12. f4 O-O-O 13. Rb1 Nc7 14. e5 Nfe8 15. Rf3 Qa6 16. Nb5 Nxb5 17. cxb5 Qb6 18. Ra3 Kb8 19. Ba5 c4+ 20. Bxb6 1-0

[Event "Riga Chess Open 2020"]
[Site "Riga"]
[Date "2020.08.26"]
[Round "4.1"]
[White "Krivonosov, Oleg"]
[Black "Katishonok, Nikolaj"]
[Result "1/2-1/2"]
[ECO "D13"]
[WhiteElo "2381"]
[BlackElo "2118"]
[Annotator "ChessBase"]
[PlyCount "148"]
[EventDate "2020.08.29"]
[EventType "swiss"]
[EventCountry "LAT"]
[SourceTitle "playchess.com"]
[Source "ChessBase"]
[SourceQuality "1"]
[TimeControl "5400+30"]

1. Nf3 d5 2. d4 Nf6 3. c4 c6 4. cxd5 cxd5 5. Nc3 Nc6 6. Bf4 Nh5 7. Bd2 Nf6 8. e3 a6 9. Bd3 Bg4 10. h3 Bh5 11. Qb3 Bxf3 12. gxf3 e6 13. Na4 b5 14. Rc1 Na5 15. Bxa5 Qxa5+ 16. Nc3 Be7 17. a4 b4 18. Ne2 O-O 19. O-O Rfc8 20. Rc2 Qb6 21. Rfc1 Qb7 22. a5 Ne8 23. Nc3 Bd8 24. Na4 Rxc2 25. Qxc2 Bxa5 26. Qc6 Qxc6 27. Rxc6 Bd8 28. Bxa6 Kf8 29. b3 Ke7 30. Kf1 Ra7 31. Bd3 Rc7 32. Ra6 Rc1+ 33. Ke2 Rh1 34. Ra7+ Nc7 35. Rb7 Rxh3 36. Rxb4 Rh1 37. Rb8 h5 38. Nc5 Ne8 39. Rb7+ Nc7 40. Rb8 Ne8 41. Nb7 Bc7 42. Rc8 Kd7 43. Ra8 Nd6 44. Nc5+ Ke7 45. Ra7 Kd8 46. Na6 Bb6 47. Ra8+ Ke7 48. Rb8 Ba7 49. Rh8 g6 50. b4 h4 51. b5 Kf6 52. Rh7 g5 53. Nc5 Ke7 54. Rh5 Rg1 55. e4 Bb6 56. e5 Nc4 57. f4 gxf4 58. Rxh4 Nxe5 59. Rxf4 Ra1 60. Bh7 Ra2+ 61. Kf1 Ng6 62. Bxg6 fxg6 63. Rg4 Rb2 64. Nxe6 Rxb5 65. Rxg6 Rb4 66. Nc5 Ba5 67. Re6+ Kf7 68. Ra6 Bd8 69. Ra7+ Be7 70. Nd7 Ke6 71. Ne5 Bf6 72. Nc6 Rb6 73. Ne5 Bxe5 74. dxe5 Kxe5 1/2-1/2

[Event "Riga Chess Open 2020"]
[Site "Riga"]
[Date "2020.08.26"]
[Round "4.2"]
[White "Tokranovs, Dmitrijs"]
[Black "Melderis, Uldis"]
[Result "0-1"]
[ECO "A05"]
[WhiteElo "2212"]
[BlackElo "1889"]
[Annotator "ChessBase"]
[PlyCount "96"]
[EventDate "2020.08.29"]
[EventType "swiss"]
[EventCountry "LAT"]
[SourceTitle "playchess.com"]
[Source "ChessBase"]
[SourceQuality "1"]
[TimeControl "5400+30"]

1. Nf3 Nf6 2. b3 b6 3. Bb2 Bb7 4. c4 Bxf3 5. exf3 e6 6. Be2 d5 7. O-O d4 8. f4 a5 9. Bf3 Ra7 10. d3 Be7 11. Nd2 O-O 12. Re1 c5 13. Nf1 Bd6 14. Bc1 Qc7 15. g3 Nc6 16. Bg2 a4 17. bxa4 Rfa8 18. Rb1 Rxa4 19. a3 R4a5 20. Qf3 Rc8 21. g4 Ne7 22. g5 Ne8 23. Bh3 Nf5 24. Ng3 Nxg3 25. hxg3 g6 26. Qg4 b5 27. Rxe6 Rb8 28. Re1 bxc4 29. Rxb8 Qxb8 30. dxc4 Ng7 31. Qd7 Ra7 32. Qc6 Bf8 33. f5 gxf5 34. Bg2 Qb3 35. Qd5 Qc3 36. Rd1 Re7 37. Bf1 Re4 38. Bf4 Qxa3 39. Rb1 Qa4 40. Be5 Qe8 41. Bf6 f4 42. gxf4 Rxf4 43. Bd3 Qe6 44. Kf1 Qe3 45. Bxh7+ Kxh7 46. g6+ fxg6 47. Qh1+ Kg8 48. Qd5+ Qe6 0-1

[Event "Riga Chess Open 2020"]
[Site "Riga"]
[Date "2020.08.26"]
[Round "4.3"]
[White "Ivanovs, Viktors"]
[Black "Stabulnieks, Klavs"]
[Result "0-1"]
[ECO "B30"]
[WhiteElo "1592"]
[BlackElo "2214"]
[Annotator "ChessBase"]
[PlyCount "80"]
[EventDate "2020.08.29"]
[EventType "swiss"]
[EventCountry "LAT"]
[SourceTitle "playchess.com"]
[Source "ChessBase"]
[SourceQuality "1"]
[TimeControl "5400+30"]

1. e4 c5 2. Nf3 e6 3. d3 Nc6 4. g3 Nf6 5. Bg2 d6 6. O-O Be7 7. Re1 Qc7 8. Qe2 e5 9. h3 O-O 10. Nc3 Nd4 11. Qd1 Nxf3+ 12. Qxf3 Be6 13. Bg5 Ne8 14. Bxe7 Qxe7 15. Nd1 g6 16. Ne3 b5 17. c3 Nc7 18. Qd1 b4 19. d4 cxd4 20. cxd4 Nb5 21. d5 Bd7 22. Rc1 a5 23. Qd2 h5 24. Nc4 Nd4 25. f4 Bxh3 26. fxe5 dxe5 27. Qe3 Bg4 28. Kh2 Kg7 29. Rf1 h4 30. d6 Qe6 31. Nb6 hxg3+ 32. Kxg3 Ne2+ 33. Kf2 Nxc1 34. Nxa8 Rxa8 35. Rh1 Qf6+ 36. Ke1 Rh8 37. Rxh8 Kxh8 38. Bh3 Qh4+ 39. Kd2 Qxh3 40. Qxh3+ Bxh3 0-1

[Event "Riga Chess Open 2020"]
[Site "Riga"]
[Date "2020.08.26"]
[Round "4.4"]
[White "Raag, Ardi"]
[Black "Milovs, Daniels"]
[Result "1-0"]
[ECO "C02"]
[WhiteElo "1724"]
[BlackElo "1592"]
[Annotator "NA"]
[PlyCount "65"]
[EventDate "2020.08.29"]
[EventType "swiss"]
[EventCountry "LAT"]
[SourceTitle "playchess.com"]
[Source "ChessBase"]
[SourceQuality "1"]
[TimeControl "5400+30"]

1. e4 e6 2. d4 d5 3. e5 c5 4. c3 Nc6 5. Nf3 Qb6 6. Be2 cxd4 7. cxd4 Nge7 8. Na3 Nf5 9. Nc2 Bb4+ 10. Kf1 Be7 11. b3 Bd7 12. g3 Rc8 13. Bd3 Ncxd4 14. Nfxd4 Nxd4 15. Be3 Bc5 16. b4 Bxb4 17. Bxd4 Bc5 18. Bxc5 Rxc5 19. Kg2 O-O 20. Qe2 f6 21. exf6 Rxf6 22. Rhc1 e5 23. Qd2 Rc8 24. Ne3 Rcf8 25. Rf1 Qe6 26. Kg1 Qh3 27. Nxd5 Rh6 28. f3 Qh5 29. Be4 Kh8 30. Rac1 Bf5 31. g4 Qg6 32. Bxf5 Rxf5 33. Ne7 1-0

[Event "Riga Chess Open 2020"]
[Site "Riga"]
[Date "2020.08.27"]
[Round "5.1"]
[White "Stabulnieks, Klavs"]
[Black "Krivonosov, Oleg"]
[Result "0-1"]
[ECO "D31"]
[WhiteElo "2214"]
[BlackElo "2381"]
[Annotator "ChessBase"]
[PlyCount "78"]
[EventDate "2020.08.29"]
[EventType "swiss"]
[EventCountry "LAT"]
[SourceTitle "playchess.com"]
[Source "ChessBase"]
[SourceQuality "1"]
[TimeControl "5400+30"]

1. d4 d5 2. c4 e6 3. Nc3 Be7 4. cxd5 exd5 5. Bf4 c6 6. e3 Bd6 7. Bg3 Ne7 8. Bd3 Bf5 9. Nf3 O-O 10. Qc2 Bxd3 11. Qxd3 Na6 12. a3 Nc7 13. O-O Bxg3 14. hxg3 Nc8 15. Rfc1 Nd6 16. Na4 Qe7 17. Nd2 Ne6 18. Nc5 Rae8 19. b4 Ng5 20. Ra2 h5 21. a4 a6 22. Qe2 g6 23. Nf3 Nxf3+ 24. Qxf3 Kg7 25. Nd3 Rh8 26. Nf4 f6 27. Rac2 Qf7 28. Nd3 g5 29. Rc5 Qg6 30. Qd1 h4 31. g4 h3 32. Nb2 hxg2 33. Qf3 Ne4 34. R5c2 Rh4 35. b5 axb5 36. axb5 Reh8 37. Qf5 Rh1+ 38. Kxg2 R8h2+ 39. Kf3 Rxc1 0-1

[Event "Riga Chess Open 2020"]
[Site "Riga"]
[Date "2020.08.27"]
[Round "5.2"]
[White "Katishonok, Nikolaj"]
[Black "Raag, Ardi"]
[Result "1/2-1/2"]
[ECO "A23"]
[WhiteElo "2118"]
[BlackElo "1724"]
[Annotator "ChessBase"]
[PlyCount "66"]
[EventDate "2020.08.29"]
[EventType "swiss"]
[EventCountry "LAT"]
[SourceTitle "playchess.com"]
[Source "ChessBase"]
[SourceQuality "1"]
[TimeControl "5400+30"]

1. c4 e5 2. Nc3 Nf6 3. g3 c6 4. Nf3 e4 5. Nd4 d5 6. cxd5 cxd5 7. d3 Bc5 8. Nb3 Bb4 9. a3 Bxc3+ 10. bxc3 O-O 11. Bg2 Nc6 12. O-O Bf5 13. Be3 Ng4 14. Bc5 Re8 15. dxe4 dxe4 16. Qxd8 Raxd8 17. Rfd1 b6 18. Nd4 Nxd4 19. Bxd4 f6 20. a4 Ne5 21. a5 Nc6 22. axb6 Nxd4 23. Rxd4 axb6 24. Rb1 Rxd4 25. cxd4 Rb8 26. Rb4 Rc8 27. f3 e3 28. g4 Rc1+ 29. Bf1 Bd3 30. Kg2 Rc2 31. Rxb6 Bxe2 32. Bxe2 Rxe2+ 33. Kg3 Rd2 1/2-1/2

[Event "Riga Chess Open 2020"]
[Site "Riga"]
[Date "2020.08.27"]
[Round "5.3"]
[White "Melderis, Uldis"]
[Black "Jakobsons, Andris"]
[Result "1-0"]
[ECO "E22"]
[WhiteElo "1889"]
[BlackElo "1668"]
[Annotator "NA"]
[PlyCount "68"]
[EventDate "2020.08.29"]
[EventType "swiss"]
[EventCountry "LAT"]
[SourceTitle "playchess.com"]
[Source "ChessBase"]
[SourceQuality "1"]
[TimeControl "5400+30"]

1. d4 Nf6 2. c4 e6 3. Nc3 Bb4 4. Qb3 Bxc3+ 5. Qxc3 O-O 6. Nf3 d5 7. Bg5 h6 8. Bh4 c6 9. e3 Nbd7 10. Bd3 Qc7 11. Bg3 Qd8 12. Qc2 Re8 13. h3 a6 14. O-O b5 15. cxb5 cxb5 16. Qc6 Qb6 17. Rac1 Qxc6 18. Rxc6 Nf8 19. Ne5 N6d7 20. Nf3 Nf6 21. Rfc1 Bd7 22. Rb6 Rec8 23. Rc5 Rxc5 24. dxc5 Bc8 25. c6 Ne8 26. e4 dxe4 27. Bxe4 Nf6 28. Nd2 Nd5 29. Bxd5 exd5 30. Nf3 f6 31. Bd6 Kf7 32. Nd4 Ke8 33. Rb7 Ne6 34. Re7+ Kd8 1-0

[Event "Riga Chess Open 2020"]
[Site "Riga"]
[Date "2020.08.27"]
[Round "5.4"]
[White "Alipovs, Anatolijs"]
[Black "Tokranovs, Dmitrijs"]
[Result "0-1"]
[ECO "D31"]
[WhiteElo "1789"]
[BlackElo "2212"]
[Annotator "ChessBase"]
[PlyCount "104"]
[EventDate "2020.08.29"]
[EventType "swiss"]
[EventCountry "LAT"]
[SourceTitle "playchess.com"]
[Source "ChessBase"]
[SourceQuality "1"]
[TimeControl "5400+30"]

1. d4 d5 2. c4 c6 3. Nc3 e6 4. Nf3 dxc4 5. a4 Bb4 6. e3 b5 7. Bd2 a5 8. Ne5 Bb7 9. Qg4 Kf8 10. h4 Nf6 11. Qf4 Qe8 12. h5 h6 13. Be2 Nbd7 14. Bf3 Nxe5 15. dxe5 Nd5 16. Qg3 Bc5 17. Ne4 Qe7 18. O-O b4 19. Rfc1 Ba6 20. Qg4 Rd8 21. Be2 Nb6 22. Be1 Rd5 23. Nd2 Rxe5 24. Bxc4 Bb7 25. Nf3 Nxc4 26. Rxc4 Rd5 27. Rac1 Bb6 28. e4 Rd8 29. Bd2 e5 30. b3 Rd3 31. Qf5 Qf6 32. Qxf6 gxf6 33. Rb1 Ke7 34. Rc2 c5 35. Ne1 Bxe4 36. Nxd3 Bxd3 37. Rbc1 Bxc2 38. Rxc2 f5 39. Be3 Ke6 40. Rc1 Kd5 41. Rd1+ Kc6 42. g3 c4 43. Bxb6 Kxb6 44. bxc4 Kc5 45. Rd5+ Kxc4 46. Rxe5 b3 47. Rb5 Kc3 48. Kg2 b2 49. Kf3 Kc2 50. Rc5+ Kb3 51. Rxa5 Rb8 52. Rxf5 b1=Q 0-1

[Event "Riga Chess Open 2020"]
[Site "Riga"]
[Date "2020.08.28"]
[Round "6.1"]
[White "Krivonosov, Oleg"]
[Black "Melderis, Uldis"]
[Result "1-0"]
[ECO "A30"]
[WhiteElo "2381"]
[BlackElo "1889"]
[Annotator "ChessBase"]
[PlyCount "149"]
[EventDate "2020.08.29"]
[EventType "swiss"]
[EventCountry "LAT"]
[SourceTitle "playchess.com"]
[Source "ChessBase"]
[SourceQuality "1"]
[TimeControl "5400+30"]

1. Nf3 Nf6 2. c4 b6 3. g3 Bb7 4. Bg2 e6 5. O-O c5 6. Nc3 Be7 7. d4 cxd4 8. Qxd4 O-O 9. Rd1 Nc6 10. Qf4 Qb8 11. Qxb8 Raxb8 12. Bf4 Rbd8 13. Nd4 Na5 14. Bxb7 Nxb7 15. Ndb5 Na5 16. Bd6 Bxd6 17. Nxd6 Ne8 18. Nce4 f5 19. Nxe8 Rfxe8 20. Nd6 Re7 21. Rd3 Rb8 22. Rad1 Nc6 23. f4 Kf8 24. a3 Nd8 25. b4 a6 26. e4 g6 27. Kf2 Kg7 28. Kf3 Kf8 29. h3 Nb7 30. g4 Nxd6 31. Rxd6 fxe4+ 32. Kxe4 Ke8 33. Rc1 Rf7 34. c5 bxc5 35. Rxc5 Ke7 36. Rd2 Rbf8 37. Rf2 Rb8 38. Rf3 Rf6 39. h4 Rf7 40. h5 gxh5 41. Rxh5 Rc8 42. Rc5 Rg8 43. Rg3 Rgf8 44. f5 Rg8 45. fxe6 Kxe6 46. Re5+ Kd6 47. Ra5 Re8+ 48. Kd3 Ra8 49. Rh3 Kc7 50. Kc3 Kb7 51. Kb3 Rg7 52. g5 Rc8 53. Rd5 Rc6 54. Ka4 Rcg6 55. Rh5 Kc6 56. Rc5+ Kb6 57. Rf5 Kc7 58. Rf6 Rxf6 59. gxf6 Rf7 60. Rh6 Kb6 61. Kb3 Kc6 62. Kc4 Kd6 63. Kd4 Kc6 64. a4 Kd6 65. a5 Kc6 66. Ke5 Kb5 67. Rh4 Ka4 68. Kf5 Kb5 69. Re4 Rf8 70. Rd4 Rf7 71. Rd6 Kxb4 72. Rxa6 Kb5 73. Ra8 Kc6 74. Re8 d6 75. Ke6 1-0